 Dungeon Crawl Stone Soup version 0.30-a0-358-g0d69a1922f (webtiles) character file.

Game seed: 3690332046893476706

96 Hubris850 the Insei (level 4, -3/28 HPs)
             Began as an Octopode Transmuter on Nov 9, 2022.
             Slain by an orc
             ... wielding a +0 flail
              (6 damage)
             ... on level 3 of the Dungeon.
             The game lasted 00:03:15 (1592 turns).

Hubris850 the Insei (Octopode Transmuter)           Turns: 1592, Time: 00:03:16

Health: -3/28      AC:  1    Str: 11    XL:     4   Next: 67%
Magic:  5/7        EV: 10    Int: 15    God:
Gold:   118        SH:  0    Dex: 12    Spells: 3/8 levels left

rFire   . . .      SeeInvis .      - Unarmed
rCold   . . .      Faith    .    (no shield)
rNeg    . . .      Spirit   .    (helmet currently unavailable)
rPois   .          Reflect  .    (no amulet)
rElec   .          Harm     .    (no ring)
rCorr   .          Rampage  .    (no ring)
Will    .....                    (no ring)
Stlth   ++........               (no ring)
HPRegen 0.24/turn                (no ring)
MPRegen 0.10/turn                (no ring)
                                 (no ring)
                                 (no ring)

@: appendages (expiring), very slightly contaminated, constricted
A: tentacle spike 3, almost no armour, amphibious, 8 rings, camouflage 1,
gelatinous body 1, (nimble swimmer 1), tentacles
a: End Transformation


You were on level 3 of the Dungeon.
One of your tentacles had grown a beastly spike.
You visited 1 branch of the dungeon, and saw 3 of its levels.

You collected 118 gold pieces.

Inventory:

Missiles
 b - 8 javelins
 f - 2 silver boomerangs
 i - 6 poisoned darts
Scrolls
 d - a scroll of vulnerability {unknown}
 e - a scroll of immolation {unknown}
 g - a scroll of torment {unknown}
 h - a scroll of enchant weapon {unknown}
Potions
 a - a potion of lignification
 c - a potion of degeneration {unknown}


   Skills:
 - Level 1.0 Fighting
 - Level 2.0 Dodging
 - Level 4.1 Unarmed Combat
 + Level 2.5 Spellcasting
 + Level 2.7 Transmutations
 + Level 1.5 Ice Magic


You had 3 spell levels left.
You knew the following spells:

 Your Spells              Type           Power      Damage    Failure   Level
a - Beastly Appendage     Tmut           20%        N/A       7%          1
b - Ice Form              Ice/Tmut       8%         N/A       65%         4

Your spell library contained the following spells:

 Spells                   Type           Power      Damage    Failure   Level
 Wereblood                Tmut           10%        N/A       11%         2
 Spider Form              Tmut/Pois      5%         N/A       36%         3


Dungeon Overview and Level Annotations

Branches:
Dungeon (3/15)

Altars:


Innate Abilities, Weirdness & Mutations

One of your tentacles has grown a beastly spike.
You cannot wear most types of armour.
You are amphibious.
You can wear up to eight rings at the same time.
Your skin changes colour to match your surroundings (Stealth+).
Your rubbery body absorbs attacks. (AC +1, EV +1)
((You are camouflaged when in or above water. (Stealth+)))
You have tentacles for arms and can constrict up to eight enemies at once.


Message History

You tentacle-slap the orc but do no damage.
You grab the orc.
You pierce the orc!
You kill the orc!
Things that are here:
a +0 mace; an orc corpse
There is a stone staircase leading down here.
Things that are here:
a +0 short sword; an orc corpse You start resting.
Your tentacle spike disappears.
HP restored.
You start waiting.
Done waiting.
There is a stone staircase leading down here.
Casting: Beastly Appendage (safe; 7% risk of failure)
Confirm with . or Enter, or press ? or * to list all spells.
You miscast Beastly Appendage.
You are very lightly contaminated with residual magic.
Nothing appears to happen.
Casting: Beastly Appendage (safe; 7% risk of failure)
Confirm with . or Enter, or press ? or * to list all spells.
One of your tentacles grows a vicious spike.
Casting: Beastly Appendage (safe; 7% risk of failure)
Confirm with . or Enter, or press ? or * to list all spells.
Okay, then.
Unknown command.
You climb downwards.
Your transformation is almost over.
The ball python bites you. The ball python grabs you.
The ball python constricts you. The orc hits you with a +0 flail!
The ball python bites you. The ball python constricts you.
The orc hits you with a +0 flail!
* * * LOW HITPOINT WARNING * * *
There is a stone staircase leading up, spattered with blood here.
You closely miss the orc. Your grab misses the orc. The ball python bites you.
* * * LOW HITPOINT WARNING * * *
The ball python constricts you.
* * * LOW HITPOINT WARNING * * *
The orc hits you with a +0 flail.
You die...

..# ##..###
......# ..#.#.#
# #.....# #.
#.#.#.#
####..##.....###
........oS......
####...#@.#####
#...#### #...
#... #... #...
#...


You could see an orc and a ball python.

Vanquished Creatures
  Terence (D:2)
  2 adders (D:2)
  2 dart slugs (D:1)
  2 orcs (D:2)
  2 endoplasms
  2 giant cockroaches
  5 goblins
  4 hobgoblins
  4 kobolds
  5 quokkas
  6 ball pythons
  5 bats
  4 frilled lizards
  5 rats
49 creatures vanquished.

Notes
Turn   | Place    | Note
-------+----------+-------------------------------------------
     0 | D:1      | Hubris850 the Octopode Transmuter began the quest for the
                  | Orb.
     0 | D:1      | Reached XP level 1. HP: 13/13 MP: 3/3
    90 | D:1      | Reached XP level 2. HP: 16/18 MP: 5/5
   448 | D:1      | Reached skill level 4 in Unarmed Combat
   513 | D:1      | Reached XP level 3. HP: 20/23 MP: 6/6
   942 | D:2      | Noticed Terence
   954 | D:2      | Killed Terence
   955 | D:2      | Reached skill level 1 in Ice Magic
   955 | D:2      | Reached XP level 4. HP: 13/28 MP: 1/7
  1021 | D:2      | Learned a level 4 spell: Ice Form
  1592 | D:3      | Slain by an orc

Illustrated notes

Levels and vault maps discovered:
D:1:      dpeg_arrival_more_subterranean_lakeside_camping, layout_basic
D:2:      layout_rooms, serial_glass, glass_columns_b, glass_columns_b,
          uniq_terence
D:3:      layout_loops_corners, shapermc_ecumenical_altar_totnotflames,
          serial_co_window_serial, co_window_corner_a, co_window_paths_b,
          co_window_paths_a, co_window_paths_b, co_window_of_opportunity_a,
          co_window_broadway_b, co_window_broadway_b, co_window_broadway_a,
          co_window_paths_c, co_window_broadway_c, glass_columns_a,
          glass_columns_a, glass_columns_a, uniq_natasha, uniq_ijyb

Skill      XL: |  1  2  3 |
---------------+----------+-----
Unarmed Combat | 4 |  4.1
Ice Magic      | 1 |  1.5
Fighting       | |  1.0
Dodging        | |  2.0
Spellcasting   | |  2.5
Transmutations | |  2.7

Action                   |  1- 3 |  4- 6 || total
-------------------------+-------+-------++-------
Melee: Unarmed           |    69 |    32 ||   101
       Constrict         |    18 |    12 ||    30
       Tentacles         |     9 |     3 ||    12
       Punch             |     1 |       ||     1
       Kick              |     2 |     6 ||     8
 Cast: Beastly Appendage |     2 |     5 ||     7
 Stab: Sleeping          |     4 |       ||     4
Armor: Skin              |     5 |       ||     5
Dodge: Dodged            |    52 |    20 ||    72

Table legend: (Time is in decaauts)
 A = Elapsed time spent in this place.
 B = Non-inter-level travel time spent in this place.
 C = Inter-level travel time spent in this place.
 D = Time resting spent in this place.
 E = Time spent auto-exploring this place.
 F = Levels seen in this place.
 G = Mean time per level.
                   A        B        C        D        E       F      G
               +--------+--------+--------+--------+--------+-----+--------+
         Total |   1585 |   1551 |     34 |    208 |   1028 |   3 |  528.3 |
       Dungeon |   1585 |   1551 |     34 |    208 |   1028 |   3 |  528.3 |
               +--------+--------+--------+--------+--------+-----+--------+

Top non-repeatable levels by time:
     D:1: 886 daAuts
     D:2: 688 daAuts
     D:3: 10 daAuts
